Cogmind - Beta 15 @@@ ROGUE MODE // 2025.05.31 @ 20:52:22 // Winter2019/RPGLIKE Player: Jack Result: Establishing Free Derelict Territories! Performance ------------- Evolutions (9) 4500 Regions Visited (27) 5400 Robots Destroyed (483) 2415 Value Destroyed (22271) 22271 Prototype IDs (37) 740 Alien Tech Used (1) 200 Bonus (38045) 38045 TOTAL SCORE: 73571 Bonus ------- High Alert Combat Kills 2675 Follower Combat Kills 638 Network Hubs Disabled 400 Aligned with FarCom 300 Met Zhirov 300 Met Warlord at Base 500 MAIN.C Attacked Warlord 500 Warlord Defense Kills 7896 Built Enhanced Grunts 300 A7 Reached Mainframe 300 Destroyed MAIN.C Guards 500 Met MAIN.C 5000 Hacked MAIN.C 300 Destroyed MAIN.C Shell 5000 Destroyed MAIN.C 10000 Met Warlord at Command 2000 Win 3000 Friendly Fire -1564 Cogmind --------- Core Integrity 1259/2150 Matter 440/450 Energy 540/1210 System Corruption 15% Temperature Cool (0) Movement Flying (32) Location Free Derelict Territories Parts ------- > --- POWER (1) -------- Fission Core (fused) > --- PROPULSION (3) --- Cesium-ion Thruster Cooled VTOL Module > --- UTILITY (10) ----- Core Analyzer Core Analyzer Armor Integrity Analyzer Microactuators Nanoactuators Hacking Suite Hacking Suite Improved Hacking Suite > --- WEAPON (3) ------- Improved Remote Datajack Longsword +1 Nanosword > --- INVENTORY (5) ---- Micro-nuke Launcher Plasma Cutter Peak State ------------ > --- POWER ------------ Fission Core > --- PROPULSION ------- Cesium-ion Thruster Cesium-ion Thruster Cooled VTOL Module > --- UTILITY ---------- Advanced Weight Redist. System Core Analyzer Core Analyzer Armor Integrity Analyzer Microactuators Nanoactuators Force Field Hacking Suite Hacking Suite Improved Hacking Suite > --- WEAPON ----------- Micro-nuke Launcher Longsword +1 Nanosword > --- INVENTORY -------- Protomatter Protomatter Improved Remote Datajack Plasma Cutter [Rating: 83] Favorites ----------- Power Fission Core Engine Light Angular Momentum Engine Power Core Fission Core Propulsion Cesium-ion Thruster Flight Unit Cesium-ion Thruster Utility Core Analyzer Device Force Field Processor Core Analyzer Hackware Hacking Suite Protection Reactive Plating Weapon Longsword +1 Energy Gun EM Pulse Gun Ballistic Gun Light Assault Rifle Launcher Micro-nuke Launcher Special Weapon Improved Remote Datajack Impact Weapon Powered Hammer Slashing Weapon Longsword +1 Build | -11 -10 -10 -10 -9 -8 -7 -7 -7 -6 -6 -6 -6 -6 -5 -5 -5 -5 -4 -4 -4 -4 -4 -3 -3 -2 -1 -1 ------- Run | Yrd Mat Min Exi Min Mat Fac Was Fac Fac Ext Cet Arc Hub Fac Upp Upp Zhi Pro Fac Upp Upp War Pro Res Res Acc Com Slots Evolved 13 | 2 . . . . 1 4 . 1 2 . . . . . . . . 1 . . . 1 . . 1 . . Power . | . . . . . . . . . . . . . . . . . . . . . . . . . . . . Propulsion 2 | 1 . . . . 1 . . . . . . . . . . . . . . . . . . . . . . Utility 9 | . . . . . . 4 . 1 2 . . . . . . . . 1 . . . 1 . . . . . Weapon 2 | 1 . . . . . . . . . . . . . . . . . . . . . . . . 1 . . Parts Attached 41 | 2 1 2 2 . 3 8 . 4 13 . . . 1 1 . . . 1 1 . . . . . 1 . 1 Power 3 | . . . 1 . . . . 1 1 . . . . . . . . . . . . . . . . . . Engine 1 | . . . . . . . . 1 . . . . . . . . . . . . . . . . . . . Core 2 | . . . 1 . . . . . 1 . . . . . . . . . . . . . . . . . . Reactor . | . . . . . . . . . . . . . . . . . . . . . . . . . . . . Propulsion 11 | . 1 2 . . 1 2 . . 4 . . . . 1 . . . . . . . . . . . . . Treads . | . . . . . . . . . . . . . . . . . . . . . . . . . . . . Leg . | . . . . . . . . . . . . . . . . . . . . . . . . . . . . Wheel . | . . . . . . . . . . . . . . . . . . . . . . . . . . . . Hover . | . . . . . . . . . . . . . . . . . . . . . . . . . . . . Flight 11 | . 1 2 . . 1 2 . . 4 . . . . 1 . . . . . . . . . . . . . Utility 20 | . . . . . 2 6 . 2 7 . . . 1 . . . . 1 1 . . . . . . . . Device 6 | . . . . . . 1 . . 3 . . . . . . . . 1 1 . . . . . . . . Storage . | . . . . . . . . . . . . . . . . . . . . . . . . . . . . Processor 4 | . . . . . . 2 . 1 1 . . . . . . . . . . . . . . . . . . Hackware 7 | . . . . . . 2 . 1 3 . . . 1 . . . . . . . . . . . . . . Protection 3 | . . . . . 2 1 . . . . . . . . . . . . . . . . . . . . . Artifact . | . . . . . . . . . . . . . . . . . . . . . . . . . . . . Weapon 7 | 2 . . 1 . . . . 1 1 . . . . . . . . . . . . . . . 1 . 1 Energy Gun 1 | 1 . . . . . . . . . . . . . . . . . . . . . . . . . . . Energy Cannon . | . . . . . . . . . . . . . . . . . . . . . . . . . . . . Ballistic Gun 1 | 1 . . . . . . . . . . . . . . . . . . . . . . . . . . . Ballistic Cannon . | . . . . . . . . . . . . . . . . . . . . . . . . . . . . Launcher 1 | . . . . . . . . . 1 . . . . . . . . . . . . . . . . . . Special Weapon 1 | . . . . . . . . . . . . . . . . . . . . . . . . . . . 1 Impact Weapon 1 | . . . . . . . . 1 . . . . . . . . . . . . . . . . . . . Slashing Weapon 2 | . . . 1 . . . . . . . . . . . . . . . . . . . . . 1 . . Piercing Weapon . | . . . . . . . . . . . . . . . . . . . . . . . . . . . . Special Melee Weapon . | . . . . . . . . . . . . . . . . . . . . . . . . . . . . Unidentified Prototypes 3 | . . . . . . 1 . . 1 . . . . . . . 1 . . . . . . . . . . Parts Lost 7 | . . . . . 1 . . 1 2 . . . 1 . . . . . . . . . . . . . 2 Power 1 | . . . . . . . . 1 . . . . . . . . . . . . . . . . . . . Propulsion 2 | . . . . . . . . . 1 . . . . . . . . . . . . . . . . . 1 Utility 4 | . . . . . 1 . . . 1 . . . 1 . . . . . . . . . . . . . 1 Weapon . | . . . . . . . . . . . . . . . . . . . . . . . . . . . . Highest Loss Streak 2 | . . . . . 1 . . 1 2 . . . 1 . . . . . . . . . . . . . 2 To Critical Strikes . | . . . . . . . . . . . . . . . . . . . . . . . . . . . . Average Backups 1 | . 1 2 3 2 1 1 . 2 1 1 1 1 2 1 2 2 2 2 2 3 3 2 2 2 2 2 2 Power . | . . . . . . . . . . . . . . . . . . . . . . . . . . . . Propulsion . | . . 1 2 1 . . . . . . . . . . . . . . . . . . . . . . . Utility . | . . . . . . 1 . 2 . . . . . . . . . . . 1 1 . . . . . . Weapon . | . 1 1 1 . . . . . . . 1 1 1 . . . . . . . . . . . . . . Tool/Special . | . . . . . . . . . . . . . . . . . . . . . . . . . . . . Unused Backups 8 | . . . 1 1 . . . . 2 1 . . . 2 . . . . . . . . . . . . 1 Power . | . . . . . . . . . . . . . . . . . . . . . . . . . . . . Propulsion 2 | . . . . 1 . . . . . 1 . . . . . . . . . . . . . . . . . Utility 2 | . . . . . . . . . 2 . . . . . . . . . . . . . . . . . . Weapon 2 | . . . 1 . . . . . . . . . . 1 . . . . . . . . . . . . . Tool/Special 2 | . . . . . . . . . . . . . . 1 . . . . . . . . . . . . 1 Average Slot Usage (%) 95 | . 44 63 66 69 86 91 100 98 95 100 100 100 97 99 100 100 100 99 100 100 100 100 100 100 100 100 95 Core 5 | . . . . 3 7 9 9 3 5 7 7 7 7 7 7 7 7 6 6 6 6 6 6 6 5 5 5 Flight 21 | . 10 30 33 33 37 29 27 26 21 21 21 21 21 20 21 21 21 20 20 20 20 18 18 18 17 17 16 Device 13 | . . . . . . . . . 9 14 14 14 14 13 14 14 14 15 20 20 20 23 25 25 23 23 18 Processor 17 | . . . . . . 12 18 19 22 21 21 21 21 21 21 21 21 20 20 20 20 18 18 18 17 17 17 Hackware 17 | . . . . . . 9 18 18 21 21 21 21 18 21 21 21 21 20 20 20 20 18 18 18 17 17 17 Protection 1 | . . . . . 9 10 9 8 . . . . . . . . . . . . . . . . . . . Ballistic Gun 2 | . 16 16 16 16 15 9 9 8 2 . . . . . . . . . . . . . . . . . . Launcher 4 | . . . . . . . . . 1 7 7 7 7 7 7 7 7 6 6 6 6 6 6 6 5 5 4 Slashing Weapon 7 | . . . 9 16 15 9 9 7 7 7 7 7 7 7 7 7 7 6 6 6 6 6 6 6 9 11 11 Peak Build Rating 83 | 2 3 4 14 14 18 38 38 45 64 65 64 65 65 69 63 63 63 67 70 70 70 74 74 74 83 83 83 Average Rating 59 | . 2 3 8 11 14 31 38 39 54 64 64 64 61 62 63 62 62 63 69 70 70 72 73 74 81 83 79 On Entrance 50 | . 2 3 4 14 11 18 38 38 45 64 64 64 65 63 63 63 63 63 67 70 70 70 74 74 74 83 83 Naked Turns . | . . . . . . . . . . . . . . . . . . . . . . . . . . . . Heaviest Build 36 | 3 3 3 9 9 19 23 19 23 31 31 31 31 31 31 31 31 31 33 33 32 32 34 34 34 36 36 36 Greatest Support 40 | 3 4 8 8 8 22 24 24 24 34 34 34 34 34 37 34 34 34 34 34 34 34 34 34 34 39 39 40 Greatest Overweight (x) 1 | . . . 1 1 . . . . 1 1 . . . 1 . . . . . 1 . . . . . . . Average Overweight (x) . | . . . . . . . . . . . . . . . . . . . . . . . . . . . . Largest Inventory Capacity 5 | 3 3 3 3 3 3 4 4 4 4 4 4 5 5 5 5 5 5 5 5 5 5 5 5 5 5 5 5 Average Capacity 4 | 1 3 3 3 3 3 3 4 4 4 4 4 4 5 5 5 5 5 5 5 5 5 5 5 5 5 5 5 Most Carried 5 | 1 2 3 3 3 3 4 4 4 4 4 4 3 4 5 5 5 5 5 5 5 5 5 5 4 5 5 5 Average Carried 3 | . 1 2 2 2 1 3 3 3 2 2 2 2 3 2 5 4 4 3 4 4 5 4 3 4 4 4 2 Final Capacity 5 | 3 3 3 3 3 3 4 4 4 4 4 4 5 5 5 5 5 5 5 5 5 5 5 5 5 5 5 5 Final Carried 5 | 1 2 3 3 3 2 3 4 3 1 4 2 3 4 5 5 4 5 4 5 5 5 5 4 4 5 5 2 Class Distribution -------------------- 79% | Wizard-Sprinter 10% | Hacker-Sprinter 6% | Mutant Dominant Class ---------------- Mutant | -10/Materials Mutant | -10/Mines Mutant | -10/Exiles Mutant | -9/Mines Hacker-Mutant | -8/Materials Hacker-Sprinter | -7/Factory Hacker-Sprinter | -7/Waste Hacker-Sprinter | -7/Factory Wizard-Sprinter | -6/Factory Wizard-Sprinter | -6/Extension Wizard-Sprinter | -6/Cetus Wizard-Sprinter | -6/Archives Wizard-Sprinter | -6/Hub_04(d) Wizard-Sprinter | -5/Factory Wizard-Sprinter | -5/Upper Caves Wizard-Sprinter | -5/Upper Caves Wizard-Sprinter | -5/Zhirov Wizard-Sprinter | -4/Proximity Caves Wizard-Sprinter | -4/Factory Wizard-Sprinter | -4/Upper Caves Wizard-Sprinter | -4/Upper Caves Wizard-Sprinter | -4/Warlord Wizard-Sprinter | -3/Proximity Caves Wizard-Sprinter | -3/Research Wizard-Sprinter | -2/Research Wizard-Sprinter | -1/Access Wizard-Sprinter | -1/Command Resources | -11 -10 -10 -10 -9 -8 -7 -7 -7 -6 -6 -6 -6 -6 -5 -5 -5 -5 -4 -4 -4 -4 -4 -3 -3 -2 -1 -1 ----------- Run | Yrd Mat Min Exi Min Mat Fac Was Fac Fac Ext Cet Arc Hub Fac Upp Upp Zhi Pro Fac Upp Upp War Pro Res Res Acc Com Matter Collected 3817 | 220 15 41 10 11 40 167 . 61 459 310 2 106 15 122 149 254 20 343 30 5 211 990 63 . 28 72 73 Remotely . | . . . . . . . . . . . . . . . . . . . . . . . . . . . . Salvage Created 19746 | . 28 56 49 130 1042 843 . 1305 2901 2211 72 255 131 1887 164 1144 158 676 779 293 276 1285 801 . 990 897 1373 Parts 1010 | . 7 10 3 4 41 69 . 64 169 123 5 7 8 92 9 50 . 34 38 14 22 59 42 . 63 35 42 Haulers Intercepted 3 | . . . . . 1 . . . 1 . . . . 1 . . . . . . . . . . . . . Recyclers Shooed 2 | . . . . . . . . . 1 1 . . . . . . . . . . . . . . . . . Parts Field Recycled . | . . . . . . . . . . . . . . . . . . . . . . . . . . . . Retrieved Matter . | . . . . . . . . . . . . . . . . . . . . . . . . . . . . Parts Self-Destructed 157 | . . . . . . . . . . . . . . . 8 46 . 35 . 11 17 . 40 . . . . Prevented 5 | . . . . . . . . . . . . . . . 3 . . . . 2 . . . . . . . Kills | -11 -10 -10 -10 -9 -8 -7 -7 -7 -6 -6 -6 -6 -6 -5 -5 -5 -5 -4 -4 -4 -4 -4 -3 -3 -2 -1 -1 ------- Run | Yrd Mat Min Exi Min Mat Fac Was Fac Fac Ext Cet Arc Hub Fac Upp Upp Zhi Pro Fac Upp Upp War Pro Res Res Acc Com Combat Hostiles Destroyed 388 | . 3 5 . 2 15 24 . 17 48 36 2 2 1 22 10 29 . 21 9 6 12 69 16 . 16 14 9 Melee 269 | . . . . 2 15 24 . 16 44 34 2 2 1 21 3 15 . 13 9 3 5 14 12 . 16 9 9 Guns 7 | . 3 4 . . . . . . . . . . . . . . . . . . . . . . . . . AOE 111 | . . 1 . . . . . . 4 2 . . . 1 7 14 . 8 . 3 7 55 4 . . 5 . Classes Destroyed 24 | . 1 . 1 . 6 5 . 1 . 2 . . . . . 1 . . . . 1 5 1 . . . . Worker 21 | . . . . . 1 1 . 2 2 1 . . 1 8 . . . . 1 . . . . . 3 . 1 Builder 18 | . . . . . . . . 4 4 2 . . 1 5 . . . . 1 . . . . . . 1 . Tunneler 4 | . . . . . . 1 . 2 1 . . . . . . . . . . . . . . . . . . Hauler 3 | . . . . . 1 . . . 1 . . . . 1 . . . . . . . . . . . . . Recycler 10 | . . . . . . 1 . 1 2 1 . . . 3 . . . . 1 . . . . . . 1 . Minesweeper 1 | . . . . . . . . . . . . . . . . . . . . . 1 . . . . . . Operator 10 | . . . . . 1 . . 2 3 1 . 1 1 1 . . . . . . . . . . . . . Drone 1 | . . . . . . . . . . . . . . . . . . . . . . . 1 . . . . Watcher 18 | . . . . . 3 1 . 2 4 2 1 . . 1 . . . . . . . . . . 3 1 . Swarmer 85 | . 3 5 . . 1 2 . 3 7 2 . . . 4 5 7 . 3 3 2 8 15 4 . 6 5 . Saboteur 4 | . . . . . . . . . . . . . . . . . . . . . . 4 . . . . . Grunt 156 | . . . 3 2 8 15 . 10 24 13 . . . 9 2 15 . 6 2 . 4 29 7 . 1 4 2 Brawler 11 | . . . . . 1 . . . 2 . . . . 2 1 . . 1 1 . . 3 . . . . . Duelist 9 | . . . . . . 2 . . . 1 . . . . 1 . . 4 . . . . . . . . 1 Protector 7 | . . . . . . . . . . . . . . . . . . . . . . 7 . . . . . Sentry 47 | . . . . . 5 3 . 2 8 9 . 2 1 3 . 3 . 2 3 1 . . . . 4 1 . Demolisher 1 | . . . . . . . . . . . . . . . . . . . . . . 1 . . . . . Specialist 3 | . . . . . . . . . . 1 . . . . . . . . . . . 2 . . . . . Hunter 22 | . . . . . . 1 . 2 4 1 . . . . . 2 . 2 . . . 2 2 . 2 3 1 Programmer 26 | . . . . . . 1 . . 3 . . . . 4 1 2 . 2 . 3 . 4 1 . 2 1 2 Behemoth 5 | . . . . . . . . . . 2 . . . . . . . 1 . . . . 1 . 1 . . Cetus Guard 2 | . . . . . . . . . . . 2 . . . . . . . . . . . . . . . . M Guard 2 | . . . . . . . . . . . . . . . . . . . . . . . . . . . 2 Striker 1 | . . . . . . . . . . . . . . . . . . . . . . 1 . . . . . Executioner 1 | . . . . . . . . . . . . . . . . . . . . . . 1 . . . . . Decomposer 1 | . . . . . . . . . . . . . . . . 1 . . . . . . . . . . . Samaritan 1 | . . . . . . . . . . . . . . . . 1 . . . . . . . . . . . Thug 10 | . . . . . . . . . . 8 1 . . . . . . . . . . 1 . . . . . Savage 1 | . . . . . . . . . . 1 . . . . . . . . . . . . . . . . . Butcher 2 | . . . . . . . . . . 2 . . . . . . . . . . . . . . . . . Guerrilla 1 | . . . . . . . . . . 1 . . . . . . . . . . . . . . . . . Best Kill Streak 18 | . 2 3 . 2 9 5 . 9 9 12 3 3 4 12 5 10 . 11 3 3 7 18 6 . 11 13 4 Combat Bots Only 18 | . 2 3 . 2 3 4 . 4 8 5 2 2 1 5 5 10 . 11 3 3 7 18 6 . 3 7 3 Max Kills in Single Turn 7 | . 1 2 1 1 1 1 . 1 3 2 1 1 1 1 2 4 . 2 1 1 3 7 3 . 1 3 1 Gunslinging 1 | . . 1 . . . . . . . . . . . . . . . . . . . . . . . . . Exploded 7 | . . 1 . . . . . . 3 1 . . . 1 2 4 . 2 . 1 3 7 3 . . 3 . Melee 1 | . . . . 1 1 1 . 1 1 1 1 1 1 1 1 1 . 1 1 1 1 1 1 . 1 1 1 Uniques/NPCs Destroyed 1 | . . . . . . . . . . . . . . . . . . . . . . . . . . . 1 MAIN.C (-1/Command) Combat | -11 -10 -10 -10 -9 -8 -7 -7 -7 -6 -6 -6 -6 -6 -5 -5 -5 -5 -4 -4 -4 -4 -4 -3 -3 -2 -1 -1 -------- Run | Yrd Mat Min Exi Min Mat Fac Was Fac Fac Ext Cet Arc Hub Fac Upp Upp Zhi Pro Fac Upp Upp War Pro Res Res Acc Com Hostile Shots Fired 2088 | . 13 35 . 13 34 114 . 94 245 217 36 22 40 104 16 121 . 193 61 34 50 314 77 . 49 107 99 Missed 864 | . 5 13 . 6 16 42 . 41 117 96 11 7 9 31 4 44 . 77 22 12 23 161 29 . 13 53 32 Hits 1224 | . 8 22 . 7 18 72 . 53 128 121 25 15 31 73 12 77 . 116 39 22 27 153 48 . 36 54 67 Melee 24 | . . . . . 1 8 . . . . . . . 2 1 . . 5 4 . . 1 . . . . 2 Projectile 1200 | . 8 22 . 7 17 64 . 53 128 121 25 15 31 71 11 77 . 111 35 22 27 152 48 . 36 54 65 AOE 5 | . . . . . . . . . . . . . . . . . . . . . . 2 . . 1 . 2 Critical Strikes 53 | . . . . . . 7 . 1 3 1 4 1 3 2 . 1 . 4 4 1 4 2 2 . 1 . 12 Part Disruptions 6 | . . . . . . . . . . . . . . . . . . . . 1 . 1 . . . . 4 Damage Taken 14208 | . 69 181 . 89 299 1066 . 838 1533 1005 412 158 417 590 123 659 . 1057 346 206 290 1424 307 . 425 443 2271 Core 11347 | . 56 151 . 80 241 744 . 552 1268 778 345 127 352 475 97 524 . 875 281 165 241 1156 253 . 349 356 1881 Absorbed by Shields 8764 | . . . . . . . . . 963 630 252 120 215 611 125 692 . 993 359 219 307 1375 326 . 440 465 672 Redirected to Core 8035 | . 39 91 . 29 142 462 . 381 855 685 222 106 227 361 77 392 . 556 211 139 149 824 151 . 261 271 1404 Ignored by Resistances 3690 | . . . . . . 72 . 61 4 189 157 77 63 267 50 272 . 450 155 44 127 689 165 . 214 256 378 Regen/Repaired (Parts) 102 | . . . . . . . . . . . . . . 53 . . . . . . . . . . . . 49 Core Remaining (%) 83 | 100 . . . 86 86 . . 60 . . . . 44 . . . . 100 . . . . 100 100 100 . 58 Volleys Fired 167 | . 10 16 . 1 1 6 . 1 6 10 5 . 2 1 8 11 . 15 . 7 5 54 3 . . 4 1 Largest 2 | . 2 2 . 1 1 1 . 1 1 1 1 . 1 1 1 1 . 1 . 1 1 1 1 . . 1 1 Hottest 60 | . 60 60 . 20 20 20 . 20 49 49 49 . 49 49 49 49 . 49 . 49 49 49 49 . . 49 7 Shots Fired 198 | . 20 32 . 1 1 6 . 1 6 10 6 . 3 1 8 12 . 16 . 7 5 54 4 . . 4 1 Gun 61 | . 20 32 . 1 1 6 . 1 . . . . . . . . . . . . . . . . . . . Cannon . | . . . . . . . . . . . . . . . . . . . . . . . . . . . . Launcher 136 | . . . . . . . . . 6 10 6 . 3 1 8 12 . 16 . 7 5 54 4 . . 4 . Special 1 | . . . . . . . . . . . . . . . . . . . . . . . . . . . 1 Kinetic 35 | . 10 16 . 1 1 6 . 1 . . . . . . . . . . . . . . . . . . . Thermal . | . . . . . . . . . . . . . . . . . . . . . . . . . . . . Explosive 136 | . . . . . . . . . 6 10 6 . 3 1 8 12 . 16 . 7 5 54 4 . . 4 . Electromagnetic 26 | . 10 16 . . . . . . . . . . . . . . . . . . . . . . . . . Robot Hit Streak 6 | . 4 4 . 1 . 6 . . . 2 1 . 2 . 3 2 . 2 . 3 1 5 . . . 1 2 Robot Miss Streak 5 | . 1 3 . . . 1 . 2 5 1 . . . . . 4 . 4 . 1 2 1 . . . 3 . Penetration Max . | . . . . . . . . . . . . . . . . . . . . . . . . . . . . Secondary Targets 3 | . . 3 . . . . . . . . . . . . . . . . . . . . . . . . . Max Gunslinging Chain 1 | . . 1 . . . . . . . . . . . . . . . . . . . . . . . . . Shots Hit Robots 1052 | . 12 15 5 5 42 70 . 56 117 89 6 9 15 90 8 50 2 48 44 28 16 46 51 . 61 40 127 Core Hits 850 | . 4 6 3 2 20 29 . 24 83 63 21 6 13 43 18 45 2 53 17 14 16 231 28 . 26 30 53 Critical Kills 1 | . . . . . . . . 1 . . . . . . . . . . . . . . . . . . . Critical Parts Destroyed 2 | . . . . . . . . 2 . . . . . . . . . . . . . . . . . . . Critical Strikes 125 | . . . 1 . 7 6 . 8 14 12 1 1 5 12 1 4 . 5 8 . 2 3 11 . 8 5 11 Smash 3 | . . . . . . . . 3 . . . . . . . . . . . . . . . . . . . Sever 122 | . . . 1 . 7 6 . 5 14 12 1 1 5 12 1 4 . 5 8 . 2 3 11 . 8 5 11 Melee Attacks 1191 | . . . 5 4 49 86 6 69 169 91 5 9 19 104 17 55 2 49 56 25 18 35 54 3 73 51 137 Impact 16 | . . . . . . . . 16 . . . . . . . . . . . . . . . . . . . Slashing 1175 | . . . 5 4 49 86 6 53 169 91 5 9 19 104 17 55 2 49 56 25 18 35 54 3 73 51 137 Piercing . | . . . . . . . . . . . . . . . . . . . . . . . . . . . . Sneak Attacks 118 | . . . 5 . 6 6 . 8 15 38 . 2 2 16 . 2 . . 7 . 1 . . . 5 2 3 Combat Hostiles 23 | . . . . . 2 3 . . 3 11 . . . . . 1 . . 1 . . . . . 2 . . Follow-up Attacks 39 | . . . . . . . . . . . . . . . . . . . . . . . . . 9 7 23 Damage Inflicted 82066 | . 115 203 458 204 2250 3266 . 3056 6913 6869 1622 551 1294 5043 1312 4744 190 4036 2184 1631 1510 16004 2722 . 3638 3111 9140 Guns 315 | . 115 152 . 10 . 38 . . . . . . . . . . . . . . . . . . . . . Cannons . | . . . . . . . . . . . . . . . . . . . . . . . . . . . . Explosions 25751 | . . 51 . . . . . . 626 983 1404 . 522 170 1006 2305 . 1970 . 369 704 14480 379 . . 782 . Melee 56000 | . . . 458 194 2250 3228 . 3056 6287 5886 218 551 772 4873 306 2439 190 2066 2184 1262 806 1524 2343 . 3638 2329 9140 Ramming . | . . . . . . . . . . . . . . . . . . . . . . . . . . . . Kinetic 148 | . 47 53 . 10 . 38 . . . . . . . . . . . . . . . . . . . . . Thermal 51 | . . 51 . . . . . . . . . . . . . . . . . . . . . . . . . Explosive 25700 | . . . . . . . . . 626 983 1404 . 522 170 1006 2305 . 1970 . 369 704 14480 379 . . 782 . Electromagnetic 167 | . 68 99 . . . . . . . . . . . . . . . . . . . . . . . . . Impact 665 | . . . . . . . . 665 . . . . . . . . . . . . . . . . . . . Slashing 55335 | . . . 458 194 2250 3228 . 2391 6287 5886 218 551 772 4873 306 2439 190 2066 2184 1262 806 1524 2343 . 3638 2329 9140 Piercing . | . . . . . . . . . . . . . . . . . . . . . . . . . . . . Highest Corruption 15 | . . . . . . 1 1 1 6 6 6 6 14 2 3 6 6 7 . 1 1 2 2 . . . 15 Average Corruption 4 | . . . . . . 1 1 1 5 6 6 6 7 1 2 5 6 6 . 1 1 1 2 . . . 12 Corruption Purged . | . . . . . . . . . . . . . . . . . . . . . . . . . . . . Corruption Blocked . | . . . . . . . . . . . . . . . . . . . . . . . . . . . . Effects 157 | . . . . . . 2 1 7 22 30 8 6 6 . 2 14 1 11 . 2 1 5 4 . . . 35 Message Errors 44 | . . . . . . . 1 1 9 5 3 1 1 . . 5 . 2 . . 1 4 . . . . 11 Matter Fused 31 | . . . . . . . . 1 2 8 . 1 . . 1 5 1 2 . . . 1 1 . . . 8 Heat Flow Errors 18 | . . . . . . 1 . 1 2 4 2 . 1 . 1 1 . . . . . . 1 . . . 4 Energy Discharges 24 | . . . . . . 1 . 1 3 3 1 2 2 . . 1 . 2 . 2 . . . . . . 6 Parts Rejected 2 | . . . . . . . . . 1 1 . . . . . . . . . . . . . . . . . Parts Fused 4 | . . . . . . . . . 1 . . . . . . 1 . 2 . . . . . . . . . Data Loss (minor) 21 | . . . . . . . . 1 3 8 . 2 . . . . . 2 . . . . 1 . . . 4 Data Loss (major) 2 | . . . . . . . . . . 1 . . . . . . . . . . . . . . . . 1 Misfires 6 | . . . . . . . . 1 . . 1 . 1 . . 1 . 1 . . . . 1 . . . . Alerts 2 | . . . . . . . . . 1 . 1 . . . . . . . . . . . . . . . . Misdirections 2 | . . . . . . . . . . . . . 1 . . . . . . . . . . . . . 1 Weapon Failures 1 | . . . . . . . . 1 . . . . . . . . . . . . . . . . . . . Overload Shots . | . . . . . . . . . . . . . . . . . . . . . . . . . . . . Overflow Damage 4213 | . . . 8 15 193 200 . 562 397 412 . . 51 579 97 204 . 110 135 124 125 268 . . 180 231 322 Projectiles . | . . . . . . . . . . . . . . . . . . . . . . . . . . . . Explosions 849 | . . . . . . . . . 49 66 . . . . 97 158 . 103 . . 125 209 . . . 42 . Melee 3364 | . . . 8 15 193 200 . 562 348 346 . . 51 579 . 46 . 7 135 124 . 59 . . 180 189 322 Knockbacks 2 | . . . . . . . . 2 . . . . . . . . . . . . . . . . . . . Impact 2 | . . . . . . . . 2 . . . . . . . . . . . . . . . . . . . Kinetic . | . . . . . . . . . . . . . . . . . . . . . . . . . . . . Secondary . | . . . . . . . . . . . . . . . . . . . . . . . . . . . . Self-Inflicted Damage 948 | . . . . . . . . . 142 130 83 . 49 . . 90 . 100 . 26 211 76 41 . . . . Shots 20 | . . . . . . . . . 2 2 1 . 1 . . 2 . 3 . 1 4 3 1 . . . . Rammed . | . . . . . . . . . . . . . . . . . . . . . . . . . . . . Targets Rammed . | . . . . . . . . . . . . . . . . . . . . . . . . . . . . Kicked . | . . . . . . . . . . . . . . . . . . . . . . . . . . . . Crushed . | . . . . . . . . . . . . . . . . . . . . . . . . . . . . Highest Temperature 280 | . 24 28 . 4 16 149 . 80 280 252 228 . 235 . 150 222 . . . . . 1 204 . . . 240 Average Temperature 69 | . 10 11 . 4 6 42 . 43 109 91 104 . 102 . 81 58 . . . . . 1 113 . . . 110 Received Heat Transfer 2388 | . 6 . . 36 108 243 . 228 263 388 56 32 57 157 8 160 . 88 53 12 90 209 42 . 52 60 40 Siege Activations . | . . . . . . . . . . . . . . . . . . . . . . . . . . . . Martial Activations . | . . . . . . . . . . . . . . . . . . . . . . . . . . . . Shielding Activations . | . . . . . . . . . . . . . . . . . . . . . . . . . . . . Robots Disrupted . | . . . . . . . . . . . . . . . . . . . . . . . . . . . . Combat Hostiles . | . . . . . . . . . . . . . . . . . . . . . . . . . . . . Robots Corrupted 3 | . . . . . . . . 3 . . . . . . . . . . . . . . . . . . . Combat Hostiles 1 | . . . . . . . . 1 . . . . . . . . . . . . . . . . . . . Parts Fried 2 | . . . . . . . . 2 . . . . . . . . . . . . . . . . . . . Impact Corruptions 11 | . . . . . . . . 11 . . . . . . . . . . . . . . . . . . . Robots Melted . | . . . . . . . . . . . . . . . . . . . . . . . . . . . . Combat Hostiles . | . . . . . . . . . . . . . . . . . . . . . . . . . . . . Parts Melted 1 | . . . . . . . . . . . . . . . . . . . . . . 1 . . . . . Heat Transferred 100 | . . 100 . . . . . . . . . . . . . . . . . . . . . . . . . Parts Sabotaged . | . . . . . . . . . . . . . . . . . . . . . . . . . . . . Parts Stolen . | . . . . . . . . . . . . . . . . . . . . . . . . . . . . Parts Stripped . | . . . . . . . . . . . . . . . . . . . . . . . . . . . . Power Chain Reactions 1 | . . 1 . . . . . . . . . . . . . . . . . . . . . . . . . Alert | -11 -10 -10 -10 -9 -8 -7 -7 -7 -6 -6 -6 -6 -6 -5 -5 -5 -5 -4 -4 -4 -4 -4 -3 -3 -2 -1 -1 ------- Run | Yrd Mat Min Exi Min Mat Fac Was Fac Fac Ext Cet Arc Hub Fac Upp Upp Zhi Pro Fac Upp Upp War Pro Res Res Acc Com Maximum Alert Level 5 | . . . . . 1 3 1 2 4 5 3 2 2 2 . . . . 1 . . . . 1 2 2 2 Low Security (%) 17 | 100 100 100 . 100 65 10 . 25 . . . . 8 . . . . . 15 . . . . . 29 . 31 Level 1 35 | . . . . . 34 46 100 72 22 . . 1 40 49 . . . . 84 . . . . 100 58 21 57 Level 2 22 | . . . . . . 42 . 1 29 7 . 98 51 50 . . . . . . . . . . 12 78 10 Level 3 12 | . . . . . . . . . 28 27 100 . . . . . . . . . . . . . . . . Level 4 11 | . . . . . . . . . 17 64 . . . . . . . . . . . . . . . . . Level 5 . | . . . . . . . . . . 1 . . . . . . . . . . . . . . . . . High Security . | . . . . . . . . . . . . . . . . . . . . . . . . . . . . Max Security . | . . . . . . . . . . . . . . . . . . . . . . . . . . . . Peak Influence 1602 | . 85 139 . 50 344 706 244 423 1221 1602 1089 517 640 621 . . . . 373 . . . . 327 455 614 455 Initial 893 | . . 28 . . 7 156 244 137 207 597 893 367 156 264 . . . . 177 . . . . 321 177 258 392 Average 509 | . 42 87 . 28 165 388 228 266 725 1122 1000 480 425 392 . . . . 287 . . . . 320 266 488 283 Influence Increases 12647 | . 115 151 . 50 524 868 2 542 1597 1619 206 170 655 703 246 770 5 495 311 150 345 1275 365 156 580 476 271 Destroy 0b10 Robot/C 8020 | . 60 120 . 40 300 480 . 340 960 840 80 80 200 440 220 580 . 420 180 120 240 1240 300 . 320 280 180 Destroy 0b10 Robot/NC 520 | . . . . . 30 20 . 65 85 40 5 5 15 95 . . 5 . 15 10 5 35 5 . 30 15 40 Destroy Leader 1150 | . 10 20 . 10 98 112 . 84 220 74 . . 50 84 20 40 . 30 40 20 10 . 60 . 96 42 30 Allied During Kill 635 | . . 11 . . . . . . . 278 80 85 175 . 6 . . . . . . . . . . . . Successful Hack 92 | . . . . . 5 4 . . 16 11 . . 20 18 . . . . . . . . . . 14 4 . Select Force Hacks 100 | . . . . . . . . . . . . . 100 . . . . . . . . . . . . . . Disable Machine 135 | . . . . . . 15 . . 30 45 . . 30 . . . . . . . . . . . . 15 . Destroy Structure 480 | . . . . . 1 12 2 8 121 76 41 . 65 36 . . . . 16 . . . . 6 15 75 6 Advance Influence 150 | . . . . . . . . . . . . . . . . . . . . . . . . 150 . . . Partial Spotted 240 | . . . . . 30 60 . 30 45 15 . . . 30 . . . . 15 . . . . . 15 . . Lose Combat Pursuer 1125 | . 45 . . . 60 165 . 15 120 240 . . . . . 150 . 45 45 . 90 . . . 90 45 15 Influence Decreases 12482 | . 40 177 49 30 200 514 504 315 801 1242 883 642 561 639 385 303 938 212 246 250 208 651 1119 94 466 293 720 Entered New Map 7015 | . . 47 49 . 13 188 454 59 216 622 703 552 291 277 225 89 933 . 106 130 48 385 1009 84 140 173 222 Time Decay 4997 | . 40 130 . 30 177 326 30 246 565 440 180 90 60 362 160 214 5 212 140 120 160 266 110 10 326 120 478 Lost Part 70 | . . . . . 10 . . 10 20 . . . 10 . . . . . . . . . . . . . 20 Lost Ally 400 | . . . . . . . 20 . . 180 . . 200 . . . . . . . . . . . . . . Squads Dispatched 54 | . . . . . 2 6 . 5 13 3 . . 7 4 . . . 1 2 . . . . . 5 2 4 Investigation 23 | . . . . . 1 4 . 2 4 . . . 6 1 . . . . . . . . . . 4 . 1 Extermination 12 | . . . . . . 1 . 1 4 . . . . 2 . . . . . . . . . . . 1 3 Reinforcement 14 | . . . . . 1 1 . 2 3 1 . . 1 1 . . . . 2 . . . . . 1 1 . Assault 5 | . . . . . . . . . 2 2 . . . . . . . 1 . . . . . . . . . Garrison . | . . . . . . . . . . . . . . . . . . . . . . . . . . . . Intercept . | . . . . . . . . . . . . . . . . . . . . . . . . . . . . Searches Triggered . | . . . . . . . . . . . . . . . . . . . . . . . . . . . . Construction Impeded 2 | . . . . . . . . . . 1 . . . . . . . . 1 . . . . . . . . Haulers Reinforced 3 | . . . . . . . . . . . . . . 1 . . . . . . . . . . 1 1 . Active Scanning Responses . | . . . . . . . . . . . . . . . . . . . . . . . . . . . . Cargo Convoy Interrupts . | . . . . . . . . . . . . . . . . . . . . . . . . . . . . Stealth | -11 -10 -10 -10 -9 -8 -7 -7 -7 -6 -6 -6 -6 -6 -5 -5 -5 -5 -4 -4 -4 -4 -4 -3 -3 -2 -1 -1 --------- Run | Yrd Mat Min Exi Min Mat Fac Was Fac Fac Ext Cet Arc Hub Fac Upp Upp Zhi Pro Fac Upp Upp War Pro Res Res Acc Com Distress Signals 21 | . 1 . . . 1 4 . . 1 1 1 . 1 1 . . . . 1 . . . . . 3 2 4 Communications Jammed . | . . . . . . . . . . . . . . . . . . . . . . . . . . . . Distress Signals . | . . . . . . . . . . . . . . . . . . . . . . . . . . . . Times Spotted 585 | . 8 6 . 20 20 38 5 23 65 46 4 3 11 29 12 36 . 25 15 7 17 109 14 . 32 24 16 Peak Tracking Total 21 | . 5 3 . 20 4 6 6 4 5 11 5 3 9 4 5 10 . 11 5 4 5 21 6 . 7 7 7 Tactical Retreats 34 | . 2 . . 1 2 5 . 1 5 4 . . . . . 3 . 1 1 . 3 . . . 4 1 1 Traps | -11 -10 -10 -10 -9 -8 -7 -7 -7 -6 -6 -6 -6 -6 -5 -5 -5 -5 -4 -4 -4 -4 -4 -3 -3 -2 -1 -1 ------- Run | Yrd Mat Min Exi Min Mat Fac Was Fac Fac Ext Cet Arc Hub Fac Upp Upp Zhi Pro Fac Upp Upp War Pro Res Res Acc Com Traps Triggered 13 | . . . . . . 3 . 2 3 4 . . . . . . . . . . . . . . . 1 . Indirectly . | . . . . . . . . . . . . . . . . . . . . . . . . . . . . Trap Hack Attempts . | . . . . . . . . . . . . . . . . . . . . . . . . . . . . Triggered . | . . . . . . . . . . . . . . . . . . . . . . . . . . . . Disarmed 3 | . . . . . . . . . . 3 . . . . . . . . . . . . . . . . . Reprogrammed . | . . . . . . . . . . . . . . . . . . . . . . . . . . . . Reused . | . . . . . . . . . . . . . . . . . . . . . . . . . . . . Traps Extracted . | . . . . . . . . . . . . . . . . . . . . . . . . . . . . Installed 5 | . . . . . . . . . . . . . . . . . . . . . 5 . . . . . . Triggered . | . . . . . . . . . . . . . . . . . . . . . . . . . . . . Machines | -11 -10 -10 -10 -9 -8 -7 -7 -7 -6 -6 -6 -6 -6 -5 -5 -5 -5 -4 -4 -4 -4 -4 -3 -3 -2 -1 -1 ---------- Run | Yrd Mat Min Exi Min Mat Fac Was Fac Fac Ext Cet Arc Hub Fac Upp Upp Zhi Pro Fac Upp Upp War Pro Res Res Acc Com Machines Disabled 18 | . . . . . . 1 . . 2 4 1 . 2 . . 1 . . . . 4 2 . . . 1 . Max in Single Turn 3 | . . . . . . 1 . . 1 1 1 . 1 . . 1 . . . . 3 2 . . . 1 . Garrison Access 7 | . . . . . . 1 . 1 . . . . 1 2 . . . . . . . . . . 2 . . Network Hub 2 | . . . . . . . . . . . . . 2 . . . . . . . . . . . . . . Machines Repaired . | . . . . . . . . . . . . . . . . . . . . . . . . . . . . Machines Dismantled . | . . . . . . . . . . . . . . . . . . . . . . . . . . . . Machines Sabotaged 2 | . . . . . . . . . . . . . 2 . . . . . . . . . . . . . . Overloaded Fab Kills . | . . . . . . . . . . . . . . . . . . . . . . . . . . . . Hacking | -11 -10 -10 -10 -9 -8 -7 -7 -7 -6 -6 -6 -6 -6 -5 -5 -5 -5 -4 -4 -4 -4 -4 -3 -3 -2 -1 -1 --------- Run | Yrd Mat Min Exi Min Mat Fac Was Fac Fac Ext Cet Arc Hub Fac Upp Upp Zhi Pro Fac Upp Upp War Pro Res Res Acc Com Machines Accessed 70 | . . . 1 . 1 6 . 4 12 8 1 . 6 5 1 1 4 . 1 . 1 7 . . 3 5 3 Terminals 36 | . . . . . 1 1 . 2 6 8 1 . 5 1 . 1 . . 1 . 1 . . . 1 5 2 Fabricators 12 | . . . . . . 4 . 1 5 . . . . 1 . . . . . . . . . . 1 . . Repair Stations 2 | . . . . . . . . . . . . . . 1 . . . . . . . . . . . . 1 Recycling Units . | . . . . . . . . . . . . . . . . . . . . . . . . . . . . Scanalyzers 1 | . . . . . . . . . 1 . . . . . . . . . . . . . . . . . . Garrison Access 6 | . . . . . . 1 . 1 . . . . 1 2 . . . . . . . . . . 1 . . Total Hacks 158 | . . . 1 . 3 16 . 10 28 10 1 . 10 15 1 8 17 . 1 . 7 8 . . 11 6 5 Successful 122 | . . . 1 . 1 10 . 5 20 9 1 . 7 12 1 8 17 . 1 . 7 8 . . 6 4 4 Failed 35 | . . . . . 2 6 . 5 7 1 . . 3 3 . . . . . . . . . . 5 2 1 Catastrophic 2 | . . . . . . . . 1 . . . . . . . . . . . . . . . . 1 . . Database Lockouts 1 | . . . . . . . . . 1 . . . . . . . . . . . . . . . . . . Manual 52 | . . . 1 . 3 2 . 7 14 3 1 . 5 5 . . . . 1 . . . . . 8 2 . Terminals 78 | . . . . . 3 2 . 6 11 10 1 . 8 5 . 8 . . 1 . 7 . . . 7 6 3 Fabricators 35 | . . . . . . 12 . 3 14 . . . . 3 . . . . . . . . . . 3 . . Repair Stations 6 | . . . . . . . . . . . . . . 4 . . . . . . . . . . . . 2 Recycling Units . | . . . . . . . . . . . . . . . . . . . . . . . . . . . . Scanalyzers 3 | . . . . . . . . . 3 . . . . . . . . . . . . . . . . . . Garrison Access 9 | . . . . . . 2 . 1 . . . . 2 3 . . . . . . . . . . 1 . . Terminal Hacks 77 | . . . 1 . 1 2 . 1 7 9 1 . 2 3 1 8 17 . 1 . 7 8 . . 2 4 2 Record 27 | . . . . . . . . . . . . . . . . 8 5 . . . 7 7 . . . . . Part Schematic 12 | . . . . . 1 1 . 1 3 . . . . 1 . . 4 . . . . . . . 1 . . Robot Analysis 4 | . . . . . . . . . . . . . . . . . 4 . . . . . . . . . . Prototype ID Bank 4 | . . . . . . . . . . . . . . . . . 4 . . . . . . . . . . Open Door 13 | . . . . . . . . . . 6 1 . . . 1 . . . . . . 1 . . . 3 1 Level Access Points 2 | . . . . . . . . . . . . . 1 . . . . . . . . . . . 1 . . Branch Access Points 4 | . . . . . . . . . 1 . . . . 1 . . . . 1 . . . . . . 1 . Machine Index 4 | . . . . . . . . . 1 1 . . 1 1 . . . . . . . . . . . . . Fabricator Index 2 | . . . . . . 1 . . 1 . . . . . . . . . . . . . . . . . . Disarm Traps 2 | . . . . . . . . . . 2 . . . . . . . . . . . . . . . . . Zone Layout 1 | . . . . . . . . . 1 . . . . . . . . . . . . . . . . . . Proto ID Catalog 1 | . . . 1 . . . . . . . . . . . . . . . . . . . . . . . . Disengage Seal 1 | . . . . . . . . . . . . . . . . . . . . . . . . . . . 1 Fabricator Hacks 20 | . . . . . . 6 . 2 8 . . . . 2 . . . . . . . . . . 2 . . Load Schematic 11 | . . . . . . 4 . 1 4 . . . . 1 . . . . . . . . . . 1 . . Build 9 | . . . . . . 2 . 1 4 . . . . 1 . . . . . . . . . . 1 . . Repair Station Hacks 6 | . . . . . . . . . . . . . . 4 . . . . . . . . . . . . 2 Scan Component 3 | . . . . . . . . . . . . . . 2 . . . . . . . . . . . . 1 Repair 3 | . . . . . . . . . . . . . . 2 . . . . . . . . . . . . 1 Recycling Unit Hacks . | . . . . . . . . . . . . . . . . . . . . . . . . . . . . Scanalyzer 2 | . . . . . . . . . 2 . . . . . . . . . . . . . . . . . . Insert Component 1 | . . . . . . . . . 1 . . . . . . . . . . . . . . . . . . Analyze 1 | . . . . . . . . . 1 . . . . . . . . . . . . . . . . . . Garrison Access Hacks 6 | . . . . . . 1 . 1 . . . . 1 2 . . . . . . . . . . 1 . . Seal Access 6 | . . . . . . 1 . 1 . . . . 1 2 . . . . . . . . . . 1 . . Unauthorized Hacks 11 | . . . . . . 1 . 1 3 . . . 4 1 . . . . . . . . . . 1 . . Terminals 4 | . . . . . . . . . . . . . 4 . . . . . . . . . . . . . . Sabotage 4 | . . . . . . . . . . . . . 4 . . . . . . . . . . . . . . Fabricators 7 | . . . . . . 1 . 1 3 . . . . 1 . . . . . . . . . . 1 . . Prioritize 7 | . . . . . . 1 . 1 3 . . . . 1 . . . . . . . . . . 1 . . Repair Stations . | . . . . . . . . . . . . . . . . . . . . . . . . . . . . Recycling Units . | . . . . . . . . . . . . . . . . . . . . . . . . . . . . Scanalyzers . | . . . . . . . . . . . . . . . . . . . . . . . . . . . . Garrison Access . | . . . . . . . . . . . . . . . . . . . . . . . . . . . . Data Cores Recovered 4 | . . . . . . . . . 2 1 . . . 1 . . . . . . . . . . . . . Used 2 | . . . . . . . . . 1 1 . . . . . . . . . . . . . . . . . Hacking Detections 30 | . . . . . 1 6 . 3 9 2 . . 1 3 . 1 . . . . 1 . . . 2 1 . Full Trace Events 15 | . . . . . 1 4 . 2 4 . . . 1 1 . . . . . . . . . . 2 . . Feedback Events 2 | . . . . . . 1 . . . . . . 1 . . . . . . . . . . . . . . Corruption 1 | . . . . . . 1 . . . . . . . . . . . . . . . . . . . . . Hackware Fried 1 | . . . . . . . . . . . . . 1 . . . . . . . . . . . . . . Feedback Blocked . | . . . . . . . . . . . . . . . . . . . . . . . . . . . . Robot Schematics Acquired . | . . . . . . . . . . . . . . . . . . . . . . . . . . . . Robots Built . | . . . . . . . . . . . . . . . . . . . . . . . . . . . . Authchips . | . . . . . . . . . . . . . . . . . . . . . . . . . . . . Time . | . . . . . . . . . . . . . . . . . . . . . . . . . . . . Total Robot Build Rating . | . . . . . . . . . . . . . . . . . . . . . . . . . . . . Part Schematics Acquired 13 | . . . . . 1 1 . 1 4 . . . . 1 . . 4 . . . . . . . 1 . . Parts Built 15 | . . . . . . 3 . 2 7 . . . . 2 . . . . . . . . . . 1 . . Authchips . | . . . . . . . . . . . . . . . . . . . . . . . . . . . . Time 335 | . . . . . . 78 . 21 119 . . . . 15 . . . . . . . . . . 102 . . Total Part Build Rating 58 | . . . . . . 11 . 8 27 . . . . 4 . . . . . . . . . . 8 . . Parts Repaired 3 | . . . . . . . . . . . . . . 2 . . . . . . . . . . . . 1 Time 113 | . . . . . . . . . . . . . . 88 . . . . . . . . . . . . 25 Parts Recycled . | . . . . . . . . . . . . . . . . . . . . . . . . . . . . Recycled Matter . | . . . . . . . . . . . . . . . . . . . . . . . . . . . . Retrieved Matter . | . . . . . . . . . . . . . . . . . . . . . . . . . . . . Retrieved Components . | . . . . . . . . . . . . . . . . . . . . . . . . . . . . Parts Scanalyzed 1 | . . . . . . . . . 1 . . . . . . . . . . . . . . . . . . Part Schematics Acquired 1 | . . . . . . . . . 1 . . . . . . . . . . . . . . . . . . Parts Damaged . | . . . . . . . . . . . . . . . . . . . . . . . . . . . . Bothacking | -11 -10 -10 -10 -9 -8 -7 -7 -7 -6 -6 -6 -6 -6 -5 -5 -5 -5 -4 -4 -4 -4 -4 -3 -3 -2 -1 -1 ------------ Run | Yrd Mat Min Exi Min Mat Fac Was Fac Fac Ext Cet Arc Hub Fac Upp Upp Zhi Pro Fac Upp Upp War Pro Res Res Acc Com Used RIF Installer . | . . . . . . . . . . . . . . . . . . . . . . . . . . . . Robots Hacked 1 | . . . . . . . . . . . . . . . . . . . . . . . . . . . 1 Non-combat . | . . . . . . . . . . . . . . . . . . . . . . . . . . . . Combat . | . . . . . . . . . . . . . . . . . . . . . . . . . . . . Robot Hacks Applied . | . . . . . . . . . . . . . . . . . . . . . . . . . . . . Manual 1 | . . . . . . . . . . . . . . . . . . . . . . . . . . . 1 Relay Couplers Released 1 | . . . . . . . . . . . . . . . . . . . . . . . . . 1 . . Machine Destruction 1 | . . . . . . . . . . . . . . . . . . . . . . . . . 1 . . Fabnet Peak Effective % . | . . . . . . . . . . . . . . . . . . . . . . . . . . . . Robots Rewired 15 | . . . . . . . . . . 14 . . . . 1 . . . . . . . . . . . . Allies Hacked . | . . . . . . . . . . . . . . . . . . . . . . . . . . . . Hacks Repelled . | . . . . . . . . . . . . . . . . . . . . . . . . . . . . Allies | -11 -10 -10 -10 -9 -8 -7 -7 -7 -6 -6 -6 -6 -6 -5 -5 -5 -5 -4 -4 -4 -4 -4 -3 -3 -2 -1 -1 -------- Run | Yrd Mat Min Exi Min Mat Fac Was Fac Fac Ext Cet Arc Hub Fac Upp Upp Zhi Pro Fac Upp Upp War Pro Res Res Acc Com Total Allies 34 | . . 3 . . . . 1 . . 24 5 . . . 1 . . . . . . . . . . . . Largest Group 14 | . . 3 3 . . . 1 . . 10 14 14 13 . 1 . . . . . . . . . . . . Highest-Rated Group 862 | . . 40 40 . . . 31 . . 418 862 862 703 . 30 . . . . . . . . . . . . Highest-Rated Ally 159 | . . 16 16 . . . 31 . . 159 159 159 96 . 30 . . . . . . . . . . . . Total Orders 1 | . . . . . . . . . . 1 . . . . . . . . . . . . . . . . . STAY 1 | . . . . . . . . . . 1 . . . . . . . . . . . . . . . . . Ally Attacks 172 | . . 5 . . . . 5 . . 70 27 11 52 . 2 . . . . . . . . . . . . Total Damage 4401 | . . 44 . . . . 106 . . 1085 453 339 2315 . 59 . . . . . . . . . . . . Kills 25 | . . 1 . . . . . . . 7 2 2 12 . 1 . . . . . . . . . . . . Allies Corrupted 3 | . . . . . . . . . . . . . 3 . . . . . . . . . . . . . . Allies Melted . | . . . . . . . . . . . . . . . . . . . . . . . . . . . . Intel | -11 -10 -10 -10 -9 -8 -7 -7 -7 -6 -6 -6 -6 -6 -5 -5 -5 -5 -4 -4 -4 -4 -4 -3 -3 -2 -1 -1 ------- Run | Yrd Mat Min Exi Min Mat Fac Was Fac Fac Ext Cet Arc Hub Fac Upp Upp Zhi Pro Fac Upp Upp War Pro Res Res Acc Com Active Infowar (turns) . | . . . . . . . . . . . . . . . . . . . . . . . . . . . . Robot Analysis Total 4 | . . . . . . . . . . . . . . . . . 4 . . . . . . . . . . Derelict Logs Recovered 11 | . . 1 . 3 . . . . . . . . . . 1 1 . 2 . 2 1 . . . . . . Drone Launches . | . . . . . . . . . . . . . . . . . . . . . . . . . . . . Drone Recoveries . | . . . . . . . . . . . . . . . . . . . . . . . . . . . . Exploration | -11 -10 -10 -10 -9 -8 -7 -7 -7 -6 -6 -6 -6 -6 -5 -5 -5 -5 -4 -4 -4 -4 -4 -3 -3 -2 -1 -1 ------------- Run | Yrd Mat Min Exi Min Mat Fac Was Fac Fac Ext Cet Arc Hub Fac Upp Upp Zhi Pro Fac Upp Upp War Pro Res Res Acc Com Turns Passed 12333 | 40 82 265 190 73 372 725 60 529 1695 1090 364 182 125 839 328 442 52 463 281 242 323 1016 291 25 726 253 1260 Spaces Moved 16957 | 72 94 401 232 166 496 953 115 716 2637 1102 109 61 263 1281 558 723 150 637 516 545 475 1226 402 75 1663 466 823 Core 103 | 72 31 . . . . . . . . . . . . . . . . . . . . . . . . . . Treads . | . . . . . . . . . . . . . . . . . . . . . . . . . . . . Legs . | . . . . . . . . . . . . . . . . . . . . . . . . . . . . Wheels . | . . . . . . . . . . . . . . . . . . . . . . . . . . . . Hover . | . . . . . . . . . . . . . . . . . . . . . . . . . . . . Flight 16854 | . 63 401 232 166 496 953 115 716 2637 1102 109 61 263 1281 558 723 150 637 516 545 475 1226 402 75 1663 466 823 Fastest Speed 23 | 50 40 37 37 37 34 30 30 30 23 29 29 29 29 29 29 29 29 29 29 29 29 29 29 29 29 29 29 Average Speed 30 | 50 43 37 37 37 35 30 30 30 30 29 29 29 29 29 29 29 29 29 29 29 29 29 29 29 29 29 29 Slowest Speed 117 | 50 50 40 117 117 37 34 30 30 104 115 29 29 29 104 29 29 29 29 29 104 29 29 29 29 29 29 32 Overloaded Moves 77 | . . . . . . . . . 77 . . . . . . . . . . . . . . . . . . Propulsion Burnouts . | . . . . . . . . . . . . . . . . . . . . . . . . . . . . Robots Hopped 59 | . 2 13 . . . 2 . . 2 9 . . 1 2 . . . . 8 . . 9 . . 11 . . Potential Cave-ins 4 | . . . . . . . 4 . . . . . . . . . . . . . . . . . . . . Cave-ins Triggered 1 | . . . . . . . . . 1 . . . . . . . . . . . . . . . . . . Exploration Rate (%) 47 | 3 22 86 60 46 37 29 65 17 58 83 59 68 34 27 66 75 59 77 16 80 53 85 58 4 37 15 18 Regions Visited 27 Branch Regions 16 Pre-discovered Areas 8 | . . 1 . 3 . . . . . . . . . . . . 3 . . . 1 . . . . . . Known Exits Taken 9 | . . . . . . . . . 1 . . . 1 1 . . . 1 1 . . . 1 1 1 1 . Unknown Exits Taken 16 | 1 1 1 1 1 1 . . 1 . 1 1 1 . . 1 1 1 . . 1 1 1 . . . . . Scrap Searched 6 | . . 1 . 1 . . . . . . . . . . 1 . . . . 1 2 . . . . . . Spaces Dug 135 | . . . . . 1 12 6 8 34 1 . . 5 6 . 13 . 26 7 1 . . 2 3 5 4 1 Terrain Destroyed 1652 | . . . . . 1 12 6 8 128 127 98 . 67 18 108 156 . 234 7 59 120 417 53 3 5 24 1 Melee 98 | . . . . . 1 12 6 8 34 1 . . 5 6 . . . 2 7 1 . . 2 3 5 4 1 Projectile . | . . . . . . . . . . . . . . . . . . . . . . . . . . . . AOE 1554 | . . . . . . . . . 94 126 98 . 62 12 108 156 . 232 . 58 120 417 51 . . 20 . Terrain Rammed . | . . . . . . . . . . . . . . . . . . . . . . . . . . . . Walls Destroyed . | . . . . . . . . . . . . . . . . . . . . . . . . . . . . Machines Disabled . | . . . . . . . . . . . . . . . . . . . . . . . . . . . . Actions | -11 -10 -10 -10 -9 -8 -7 -7 -7 -6 -6 -6 -6 -6 -5 -5 -5 -5 -4 -4 -4 -4 -4 -3 -3 -2 -1 -1 --------- Run | Yrd Mat Min Exi Min Mat Fac Was Fac Fac Ext Cet Arc Hub Fac Upp Upp Zhi Pro Fac Upp Upp War Pro Res Res Acc Com Total 23087 | 74 114 474 330 172 644 1291 133 949 3362 1754 432 216 288 1641 698 891 155 856 613 608 647 1828 574 77 1880 569 1817 Wait 3848 | . 9 65 80 . 76 148 12 121 412 397 291 132 2 190 110 56 . 84 32 5 129 442 76 . 138 26 815 Move 16834 | 71 89 376 231 165 495 949 114 715 2632 1085 108 60 260 1276 557 722 149 636 503 544 474 1213 401 74 1647 465 823 Hop 38 | . 2 11 . . . 2 . . 2 7 . . 1 2 . . . . 4 . . 3 . . 4 . . Pick Up 96 | 1 1 1 2 . 4 8 1 7 12 6 1 3 1 7 . 5 1 7 1 5 1 12 3 . 3 1 2 Fast Attach 42 | 2 1 1 1 . 2 12 . 1 9 1 . . 1 5 . . 1 1 2 . . . . . . . 2 Attach 22 | . . . . . 2 3 . 2 10 . . . . . . . 1 2 . . . 1 . . 1 . . Detach 10 | . . . . 1 . 1 . . 6 . . . . . . . 1 1 . . . . . . . . . Swap 14 | . . 1 1 . . 1 . 2 7 . . . . . . . . . 1 . . . . . . . 1 Drop 101 | . . 1 2 1 3 10 . 7 18 3 3 2 . 9 . 6 . 7 1 5 1 11 4 . 1 1 5 Fire 167 | . 10 16 . 1 1 6 . 1 6 10 5 . 2 1 8 11 . 15 . 7 5 54 3 . . 4 1 Melee 1144 | . . . 5 4 49 86 6 69 169 91 5 9 19 104 17 55 2 49 56 25 18 35 54 3 61 42 111 Ram . | . . . . . . . . . . . . . . . . . . . . . . . . . . . . Kick . | . . . . . . . . . . . . . . . . . . . . . . . . . . . . Crush . | . . . . . . . . . . . . . . . . . . . . . . . . . . . . Escape Stasis 90 | . . . . . . . . . . 72 . . . . . . . . . . . . . . . 18 . Rewire 28 | . . . . . . . . . . 26 . . . . 1 . . . . . . . . . 1 . . Trap 5 | . . . . . . . . . . . . . . . . . . . . . 5 . . . . . . Miscellaneous 648 | . 2 2 8 . 12 65 . 24 79 56 19 10 2 47 5 36 . 54 13 17 14 57 33 . 24 12 57 Route ------- -11/Scrapyard -10/Materials -10/Mines (discovered 3 exits: [*Mat x2] / *Exi) -10/Exiles -9/Mines -8/Materials -7/Factory (discovered 2 exits: Sto / [*Low]) -7/Waste -7/Factory -6/Factory (discovered 6 exits: *Fac x2 / *Low x2 / *Ext x2) -6/Extension (discovered 2 exits: *Fac / *Cet) -6/Cetus -6/Archives (discovered 2 exits: *Hub x2) -6/Hub_04(d) (discovered 4 exits: *Fac x4) -5/Factory (discovered 2 exits: *Upp x2) -5/Upper Caves -5/Upper Caves -5/Zhirov -4/Proximity Caves -4/Factory (discovered 5 exits: *Res x2 / *Upp x2 / Arm) -4/Upper Caves -4/Upper Caves -4/Warlord -3/Proximity Caves -3/Research (discovered 2 exits: *Res / Qua) -2/Research (discovered 5 exits: *Acc x3 / *Tes x2) -1/Access -1/Command Free Derelict Territories History --------- Turn | Location | Event 7 | -11/Scrapyard | Discovered new exit (range 15) 26 | -11/Scrapyard | Upgraded with Propulsion slot (x1) 26 | -11/Scrapyard | Upgraded with Weapon slot (x1) 41 | -11/Scrapyard | Entered Materials 91 | -10/Materials | Discovered new exit (range 8) 123 | -10/Materials | Entered Mines 129 | -10/Mines | Met a Derelict bent on vengeance 181 | -10/Mines | Assisted by bots powering up and referring to "LRC-V3" 211 | -10/Mines | Reached level 2 219 | -10/Mines | Discovered new exit (range 14) 232 | -10/Mines | Discovered new exit (range 7) 285 | -10/Mines | Learned location of Storage (-7) 310 | -10/Mines | Build established: Mutant 321 | -10/Mines | Deemed a non-threat by the Exiles lab entrance 321 | -10/Mines | Discovered new exit (range 5) 388 | -10/Mines | Entered Exiles 388 | -10/Exiles | Accompanied by 3 allies 397 | -10/Exiles | Met 8R-AWN 404 | -10/Exiles | Met EX-HEX 414 | -10/Exiles | Met EX-BIN 419 | -10/Exiles | Aligned with FarCom system 419 | -10/Exiles | Given EX-Vault access code 429 | -10/Exiles | Opened EX-Vault 436 | -10/Exiles | Found Longsword +1 444 | -10/Exiles | Warned to stay clear of 0b10 Research branches 457 | -10/Exiles | Met EX-DEC 470 | -10/Exiles | Discovered new exit (range 10) 578 | -10/Exiles | Left Exiles lab with Longsword +1 578 | -10/Exiles | Entered Mines 589 | -9/Mines | Murdered 3 allies 594 | -9/Mines | Received a Rocket Launcher from a helpful Derelict 609 | -9/Mines | Assembled infested the area 611 | -9/Mines | Learned location of Zion (-6) 614 | -9/Mines | Assisted by a Guerilla fighting off Assembled 646 | -9/Mines | Discovered new exit (range 8) 651 | -9/Mines | Entered Materials 653 | -8/Materials | Reached level 3 715 | -8/Materials | Reached level 4 831 | -8/Materials | Upgraded with Propulsion slot (x1) 993 | -8/Materials | Reached level 5 1021 | -8/Materials | Discovered new exit (range 7) 1023 | -8/Materials | Entered Factory 1024 | -7/Factory | Identified exit to Storage 1025 | -7/Factory | Reached level 6 1057 | -7/Factory | Upgraded with Utility slot (x3) 1303 | -7/Factory | Fabricated Hacking Suite (x1) 1385 | -7/Factory | Fabricated Core Analyzer? 1422 | -7/Factory | Build established: Hacker-Sprinter 1437 | -7/Factory | Reached level 7 1448 | -7/Factory | Upgraded with Utility slot (x1) 1680 | -7/Factory | Reached level 8 1713 | -7/Factory | Discovered new exit (range 11) 1748 | -7/Factory | Sucked down chute 1748 | -7/Factory | Entered Waste 1749 | -7/Waste | Met a frightened Derelict 1757 | -7/Waste | Spotted C-40 Crusher 1763 | -7/Waste | Spotted C-40 Crusher 1768 | -7/Waste | Spotted C-40 Crusher 1770 | -7/Waste | Spotted C-40 Crusher 1771 | -7/Waste | Spotted C-40 Crusher 1771 | -7/Waste | Discovered new exit (range 16) 1808 | -7/Waste | Entered Factory 2082 | -7/Factory | Reached level 9 2135 | -7/Factory | Discovered new exit (range 12) 2172 | -7/Factory | Upgraded with Utility slot (x1) 2216 | -7/Factory | Fabricated Armor Integrity Analyzer (x2) 2337 | -7/Factory | Entered another Factory area 2339 | -6/Factory | Reached level 10 2376 | -6/Factory | Upgraded with Utility slot (x1) 2436 | -6/Factory | Reached level 11 2509 | -6/Factory | Fabricated Force Field (x2) 2683 | -6/Factory | Build established: Wizard-Sprinter 2826 | -6/Factory | Fabricated Micro-nuke Launcher (x1) 2872 | -6/Factory | Reached level 12 2992 | -6/Factory | Fabricated Weight Redist. System (x2) 3033 | -6/Factory | Discovered new exit (range 16) 3169 | -6/Factory | Reached level 13 3182 | -6/Factory | Upgraded with Utility slot (x1) 3294 | -6/Factory | Crushed by falling debris 3294 | -6/Factory | Core integrity fell below 50% 3294 | -6/Factory | Core integrity fell below 20% 3312 | -6/Factory | Destroyed 8 combat bots 3427 | -6/Factory | Reached level 14 3479 | -6/Factory | Central database locked down 3693 | -6/Factory | Fabricated Cesium-ion Thruster? 3737 | -6/Factory | First assault squad dispatched 3785 | -6/Factory | Discovered new exit (range 8) 3813 | -6/Factory | Identified exit to Lower Caves 3813 | -6/Factory | Identified exit to Extension 4032 | -6/Factory | Entered Extension 4034 | -6/Extension | Reached level 15 4109 | -6/Extension | Reached level 16 4117 | -6/Extension | Rescued a captive Derelict 4117 | -6/Extension | Rescued a captive Derelict 4232 | -6/Extension | Disrupted transfer network 4232 | -6/Extension | Rescued a captive Derelict 4233 | -6/Extension | Rescued a captive Derelict 4280 | -6/Extension | Reached level 17 4338 | -6/Extension | Spotted B-75 Beast 4354 | -6/Extension | Spotted B-75 Beast 4400 | -6/Extension | Lost 3 allies 4694 | -6/Extension | Destroyed B-75 Beast 4732 | -6/Extension | First assault squad dispatched 4778 | -6/Extension | Destroyed B-75 Beast 4801 | -6/Extension | Rescued A7 4822 | -6/Extension | Rescued a captive Derelict 4827 | -6/Extension | Rescued a captive Derelict 4830 | -6/Extension | Rescued a captive Derelict 4854 | -6/Extension | Reached level 18 4952 | -6/Extension | Rescued a captive Derelict 4953 | -6/Extension | Rescued a captive Derelict 5039 | -6/Extension | Discovered new exit (range 10) 5073 | -6/Extension | Discovered new exit (range 6) 5122 | -6/Extension | Entered Cetus 5122 | -6/Cetus | Accompanied by 10 allies (A7) 5127 | -6/Cetus | Acquired a Cetus Manufacturing Module code from A7 5128 | -6/Cetus | Spotted Cetus Guard 5128 | -6/Cetus | Spotted Cetus Guard 5131 | -6/Cetus | Spotted Cetus Guard 5138 | -6/Cetus | Spotted Cetus Guard 5143 | -6/Cetus | Reached level 19 5143 | -6/Cetus | Destroyed Cetus Guard 5146 | -6/Cetus | Destroyed Cetus Guard 5146 | -6/Cetus | Allies destroyed Cetus Guard 5151 | -6/Cetus | Allies destroyed Cetus Guard 5243 | -6/Cetus | Escorted A7 to Cetus Mainframe 5245 | -6/Cetus | Started Cetus Manufacturing Module 5270 | -6/Cetus | Manufactured an Enhanced Grunt 5295 | -6/Cetus | Manufactured an Enhanced Grunt 5320 | -6/Cetus | Manufactured an Enhanced Grunt 5345 | -6/Cetus | Manufactured an Enhanced Grunt 5370 | -6/Cetus | Manufactured an Enhanced Grunt 5434 | -6/Cetus | Discovered new exit (range 16) 5486 | -6/Cetus | Entered Archives 5486 | -6/Archives | Accompanied by 14 allies (A7) 5491 | -6/Archives | Received a hacking code to weaken MAIN.C 5503 | -6/Archives | Discovered new exit (range 14) 5512 | -6/Archives | Discovered new exit (range 14) 5668 | -6/Archives | Entered Hub_04(d) 5668 | -6/Hub_04(d) | Accompanied by 13 allies 5669 | -6/Hub_04(d) | Imp. Hacking Suite fried by hacking feedback 5707 | -6/Hub_04(d) | Reached level 20 5714 | -6/Hub_04(d) | Lost 3 allies 5729 | -6/Hub_04(d) | Network Hub disabled 5753 | -6/Hub_04(d) | Identified exit to Factory 5766 | -6/Hub_04(d) | Network Hub disabled 5769 | -6/Hub_04(d) | Spotted Lightning 5772 | -6/Hub_04(d) | Spotted Lightning 5775 | -6/Hub_04(d) | System corruption reached 10% 5793 | -6/Hub_04(d) | Entered Factory 5794 | -5/Factory | Core integrity fell below 50% 5795 | -5/Factory | Reached level 21 5869 | -5/Factory | Repaired Force Field 5908 | -5/Factory | Repaired Cesium-ion Thruster 6306 | -5/Factory | Discovered new exit (range 11) 6493 | -5/Factory | Identified exit to Upper Caves 6606 | -5/Factory | Fabricated Plasma Cutter (x2) 6632 | -5/Factory | Entered Upper Caves 6634 | -5/Upper Caves | Reached level 22 6709 | -5/Upper Caves | Attracted the attention of an 0b10 outpost 6842 | -5/Upper Caves | Learned Factory stockpile data 6850 | -5/Upper Caves | Discovered new exit (range 15) 6960 | -5/Upper Caves | Entered another Upper Caves area 7127 | -5/Upper Caves | Learned 12 Factory zone layouts 7136 | -5/Upper Caves | Attracted the attention of an 0b10 base 7249 | -5/Upper Caves | Destroyed 10 combat bots 7280 | -5/Upper Caves | Learned 8 Factory zone layouts 7280 | -5/Upper Caves | Learned 8 Research zone layouts 7280 | -5/Upper Caves | Learned Armory emergency access door positions 7331 | -5/Upper Caves | Discovered new exit (range 12) 7332 | -5/Upper Caves | Attracted the attention of an 0b10 checkpoint 7335 | -5/Upper Caves | Reached level 23 7402 | -5/Upper Caves | Entered Zhirov 7402 | -5/Zhirov | Discovered new exit (range 3) 7407 | -5/Zhirov | Destroyed 8 combat bots 7408 | -5/Zhirov | Met Zhirov 7415 | -5/Zhirov | Found Alien Artifact 7415 | -5/Zhirov | Identified Integrated Dissipator 7415 | -5/Zhirov | Installed Integrated Dissipator, increased core heat dissipation (+20) 7444 | -5/Zhirov | Learned location of Quarantine (-3) 7444 | -5/Zhirov | Learned location of Testing (-2) 7444 | -5/Zhirov | Learned location of Command (-1) 7446 | -5/Zhirov | Zhirov requested help retrieving the SGEMP Prototype 7454 | -5/Zhirov | Entered Proximity Caves 7475 | -4/Proximity Caves | Attracted the attention of an 0b10 outpost 7500 | -4/Proximity Caves | Spotted B-86 Titan 7515 | -4/Proximity Caves | Reached level 24 7555 | -4/Proximity Caves | Destroyed 11 combat bots 7631 | -4/Proximity Caves | Destroyed B-86 Titan 7651 | -4/Proximity Caves | Ambushed by research squad 7800 | -4/Proximity Caves | Upgraded with Utility slot (x1) 7857 | -4/Proximity Caves | Attracted the attention of an 0b10 checkpoint 7901 | -4/Proximity Caves | Identified exit to Factory 7917 | -4/Proximity Caves | Entered Factory 7918 | -4/Factory | Identified exit to Upper Caves 7919 | -4/Factory | Identified exit to Research 7937 | -4/Factory | Discovered exit to Research (range 16) 7953 | -4/Factory | Reached level 25 8093 | -4/Factory | Identified exit to Armory 8198 | -4/Factory | Entered Upper Caves 8293 | -4/Upper Caves | Learned Research security intel 8330 | -4/Upper Caves | Learned location of 1 exit from Research 8364 | -4/Upper Caves | Spotted B-86 Titan 8382 | -4/Upper Caves | Encountered a Warlord checkpoint 8398 | -4/Upper Caves | Attracted the attention of an 0b10 checkpoint 8436 | -4/Upper Caves | Discovered new exit (range 12) 8440 | -4/Upper Caves | Entered another Upper Caves area 8456 | -4/Upper Caves | Learned Research emergency access door positions 8499 | -4/Upper Caves | Learned Factory emergency access door positions 8499 | -4/Upper Caves | Learned Factory stockpile data 8510 | -4/Upper Caves | Attracted the attention of an 0b10 base 8529 | -4/Upper Caves | Destroyed 7 combat bots 8753 | -4/Upper Caves | Discovered new exit (range 15) 8763 | -4/Upper Caves | Entered Warlord 8773 | -4/Warlord | System corruption cleaned by Quarantine Array 8881 | -4/Warlord | Visited the Vortex Lab 8886 | -4/Warlord | Reached level 26 8886 | -4/Warlord | Warlord's base attacked by MAIN.C 8912 | -4/Warlord | Met Warlord 9102 | -4/Warlord | Upgraded with Utility slot (x1) 9127 | -4/Warlord | Warlord forces counterattacked 9188 | -4/Warlord | Destroyed 18 combat bots 9209 | -4/Warlord | Discovered new exit (range 14) 9209 | -4/Warlord | Spotted Executioner 9235 | -4/Warlord | Destroyed Executioner 9259 | -4/Warlord | Destroyed 11 combat bots 9263 | -4/Warlord | Lost 5 allies 9286 | -4/Warlord | Spotted Striker 9287 | -4/Warlord | Spotted Executioner 9287 | -4/Warlord | Spotted Striker 9316 | -4/Warlord | Destroyed 11 combat bots 9319 | -4/Warlord | Destroyed Striker 9319 | -4/Warlord | Reached level 27 9348 | -4/Warlord | Lost 13 allies 9387 | -4/Warlord | Spotted Striker 9425 | -4/Warlord | Lost 3 allies 9435 | -4/Warlord | Destroyed 14 combat bots 9561 | -4/Warlord | Warlord base infiltrated, sounded retreat 9698 | -4/Warlord | Spotted Striker 9722 | -4/Warlord | Spotted Executioner 9734 | -4/Warlord | Spotted Executioner 9752 | -4/Warlord | Destroyed 10 combat bots 9773 | -4/Warlord | Lost 13 allies 9779 | -4/Warlord | Entered Proximity Caves 9937 | -3/Proximity Caves | Reached level 28 9945 | -3/Proximity Caves | Spotter reported a threat 10032 | -3/Proximity Caves | Spotted B-86 Titan 10055 | -3/Proximity Caves | Destroyed B-86 Titan 10069 | -3/Proximity Caves | Discovered exit to Research (range 4) 10070 | -3/Proximity Caves | Entered Research 10071 | -3/Research | Identified exit to Quarantine 10072 | -3/Research | Identified exit to Research 10095 | -3/Research | Entered another Research area 10095 | -2/Research | Warlord forces began assault on 0b10 10096 | -2/Research | Identified exit to Testing 10097 | -2/Research | Reached level 29 10097 | -2/Research | Reached level 30 10131 | -2/Research | Identified exit to Access 10205 | -2/Research | Research machine network offline 10227 | -2/Research | Fabricated Nanosword? 10236 | -2/Research | Upgraded with Weapon slot (x1) 10381 | -2/Research | Spotted Executioner 10394 | -2/Research | Spotted Executioner 10487 | -2/Research | Spotted B-90 Cyclops 10487 | -2/Research | Borebot progress halted 10608 | -2/Research | Destroyed B-90 Cyclops 10681 | -2/Research | Spotted Executioner 10681 | -2/Research | Spotted Striker 10683 | -2/Research | Spotted B-90 Cyclops 10685 | -2/Research | Spotted Striker 10703 | -2/Research | Borebot progress halted 10752 | -2/Research | Discovered exit to Testing (range 15) 10783 | -2/Research | Spotted B-90 Cyclops 10821 | -2/Research | Entered Access 10823 | -1/Access | Reached level 31 10823 | -1/Access | Reached level 32 10848 | -1/Access | Identified exit to Command 10909 | -1/Access | Destroyed 7 combat bots 10981 | -1/Access | Spotted B-99 Colossus 10981 | -1/Access | Spotted B-99 Colossus 11074 | -1/Access | Entered Command 11076 | -1/Command | Reached level 33 11076 | -1/Command | Reached level 34 11158 | -1/Command | Disengaged cave seal 11158 | -1/Command | Derelicts emerged from the dark tunnel 11158 | -1/Command | Welcomed Warlord to Command 11323 | -1/Command | Warlord commented on Warlord statues 11389 | -1/Command | Spotted Combat Programmer 11389 | -1/Command | Spotted M Guard 11389 | -1/Command | Spotted Combat Programmer 11390 | -1/Command | Spotted M Guard 11395 | -1/Command | Combat Programmer assimilated allied A0-NWP(l) 11409 | -1/Command | Core integrity fell below 50% 11409 | -1/Command | Destroyed M Guard 11421 | -1/Command | Destroyed M Guard 11423 | -1/Command | System corruption reached 10% 11433 | -1/Command | All MAIN.C guards destroyed 11435 | -1/Command | Lost 4 allies 11960 | -1/Command | Repaired Force Field 12282 | -1/Command | Met MAIN.C 12282 | -1/Command | Reached level 35 12283 | -1/Command | Hacked MAIN.C using A7's code 12294 | -1/Command | 0b10 Conduit disabled 12311 | -1/Command | MAIN.C activated Command garrisons 12333 | -1/Command | Reached level 36 12333 | -1/Command | Destroyed MAIN.C 12334 | *** | Establishing Free Derelict Territories! Last Messages --------------- 12321_ Destroyed Prototype Device. 12324_ MAIN.C reaction time slowed by virus. 12325_ Longsword +1 follow-up attack on MAIN.C. 12325_ Knocked back. 12326_ Destroyed Prototype Device. 12327_ Longsword +1 follow-up attack on MAIN.C. 12328_ MAIN.C reaction time slowed by virus. 12329_ Longsword +1 follow-up attack on MAIN.C. 12329_ Knocked back. 12330_ Acquired 6 matter. 12332_ MAIN.C reaction time slowed by virus. 12333_ MAIN.C: "I hope you know you're still going to DIE HERE WITH ME!" 12333_ Reached level 36. Heavy Barrier opened. 12333_ MAIN.C destroyed. ZY-L1N: Victory! Sure there's still lots to do, but without MAIN.C at the helm 0b10 doesn't stand a chance. We've got this... [Achievement: I Think I Know What's Going On] Map ----- +----------------------------------------------------+ | ?????????????????????????????????????????????????? | | ?????????????????????????????????????????????????? | | ?????????????????????????????????????????????????? | | ?????????????????????????????????????????????????? | | ?????????????????????????????????????????????????? | | ?????????????????????????????????????????????????? | | ?????????????????????????????????????????????????? | | ?????????????????????????????????????????????????? | | ?????????????????????????????????????????????????? | | ?????????????????????????????????????????????????? | | ?????????????????????????##############??????????? | | ????????????????????????? """" #??????????? | | ????????????????????????? "" #??????????? | | ???????????????????????? "" ############ | | ?????????????????""????""""" / | | ?????????????????" ??? """ /= | | ?????????????????"" """""" / ! | | ?????????????????"" """""" ############ | | ????????????????# " """""" M #??????????? | | ????????????????# " "" #??????????? | | ????????????????# " " ! M ""#??????????? | | ????????????????#"""""""""!%! """""#??????????? | | ????????????????#"" M """"""#??????????? | | ????????????????# WM" """""""#??????????? | | ????????????????# % %" " " " #??????????? | | ????????????????# @L" " " " #??????????? | | ?????????? " " """" " #??????????? | | ?????????? """ " " """" #??????????? | | ??????????? " " " " #??????????? | | ???????????###### """""" """ "??????????????? | | ????????????????# " """ " """"""?????????????? | | ????????????????# """ " " " ?????????????? | | ????????????????######?###########???????????????? | | ?????????????????????????????????????????????????? | | ?????????????????????????????????????????????????? | | ?????????????????????????????????????????????????? | | ?????????????????????????????????????????????????? | | ?????????????????????????????????????????????????? | | ?????????????????????????????????????????????????? | | ?????????????????????????????????????????????????? | | ?????????????????????????????????????????????????? | | ?????????????????????????????????????????????????? | | ?????????????????????????????????????????????????? | | ?????????????????????????????????????????????????? | | ?????????????????????????????????????????????????? | | ?????????????????????????????????????????????????? | | ?????????????????????????????????????????????????? | | ?????????????????????????????????????????????????? | | ?????????????????????????????????????????????????? | | ?????????????????????????????????????????????????? | +----------------------------------------------------+ Best States ------------- Heat Dissipation 57 Energy Generation 38 Energy Capacity 1210 Matter Stores 450 Matter Capacity 450 Sight Range 16 Terrain Scan Density 10 Additional Mass Support 9 Armor Coverage 300 Resistance: KI 20 Resistance: TH 20 Melee Speed Boost 50 Evasion (%) 65 Core Analysis 9 Armor Integrity Analysis 30 Offensive Hacking 59 Defensive Hacking 10 Item Schematics ----------------- Hacking Suite | -8/Materials | Hacked Core Analyzer | -7/Factory | Hacked Armor Integrity Analyzer | -7/Factory | Hacked Force Field | -6/Factory | Hacked Micro-nuke Launcher | -6/Factory | Hacked Weight Redist. System | -6/Factory | Hacked Cesium-ion Thruster | -6/Factory | Scanalyzed Plasma Cutter | -5/Factory | Hacked Assault Drone Bay | -5/Zhirov | Free Exp. Heat Sink | -5/Zhirov | Free Exp. Optical Array | -5/Zhirov | Free Imp. Arc Thrower | -5/Zhirov | Free Nanosword | -2/Research | Hacked Robot Schematics ------------------ None Fabricated ------------ Hacking Suite | x1 | -7/Factory Core Analyzer | x2 | -7/Factory Armor Integrity Analyzer | x2 | -7/Factory Force Field | x2 | -6/Factory Micro-nuke Launcher | x1 | -6/Factory Weight Redist. System | x2 | -6/Factory Cesium-ion Thruster | x2 | -6/Factory Plasma Cutter | x2 | -5/Factory Nanosword | x1 | -2/Research Repaired ---------- Force Field | 32% | -5/Factory Cesium-ion Thruster | 24% | -5/Factory Force Field | 2% | -1/Command Alien Tech Used ----------------- Integrated Dissipator Achievements -------------- Gladiator I Think I Know What's Going On Challenges ------------ None RPGLIKE | -11 -10 -10 -10 -9 -8 -7 -7 -7 -6 -6 -6 -6 -6 -5 -5 -5 -5 -4 -4 -4 -4 -4 -3 -3 -2 -1 -1 --------- Run | Yrd Mat Min Exi Min Mat Fac Was Fac Fac Ext Cet Arc Hub Fac Upp Upp Zhi Pro Fac Upp Upp War Pro Res Res Acc Com Levels Raised 35 | . . 1 . . 3 3 . 1 5 4 1 . 1 1 1 1 . 1 1 . . 2 1 . 2 2 4 XP Earned 56293 | 3000 350 1203 350 750 3450 4610 200 2110 7909 5746 681 452 1161 2356 647 1146 152 1955 1110 400 582 2310 1199 685 3016 3211 5552 XP Spent 52195 | 2500 . . . . 4500 4920 . 2400 7400 3600 . 1250 . 5850 1850 . . 2600 . . . 2900 . . 3300 . 9125 Upgrades 100 | 5 . . . . 8 7 . 3 13 8 . 1 . 12 2 . . 1 . . . 1 . . 6 . 33 Propulsion Slot 2 | 1 . . . . 1 . . . . . . . . . . . . . . . . . . . . . . Utility Slot 9 | . . . . . . 4 . 1 2 . . . . . . . . 1 . . . 1 . . . . . Weapon Slot 2 | 1 . . . . . . . . . . . . . . . . . . . . . . . . 1 . . Core Integrity 31 | . . . . . . . . . . . . . . . . . . . . . . . . . . . 31 Heat Dissipation 2 | . . . . . . 2 . . . . . . . . . . . . . . . . . . . . . Energy Generation 4 | . . . . . . . . . 2 . . . . . 2 . . . . . . . . . . . . Energy Storage 18 | . . . . . . . . . 6 . . . . 12 . . . . . . . . . . . . . Matter Storage 3 | . . . . . . . . . 3 . . . . . . . . . . . . . . . . . . Mass Support 5 | . . . . . 2 . . . . . . . . . . . . . . . . . . . 1 . 2 Inventory Capacity 5 | 3 . . . . . 1 . . . . . 1 . . . . . . . . . . . . . . . Melee Accuracy 4 | . . . . . . . . . . . . . . . . . . . . . . . . . 4 . . Hack Attack % 5 | . . . . . 5 . . . . . . . . . . . . . . . . . . . . . . Hack Defense % 2 | . . . . . . . . 2 . . . . . . . . . . . . . . . . . . . KI Resistance % 4 | . . . . . . . . . . 4 . . . . . . . . . . . . . . . . . TH Resistance % 4 | . . . . . . . . . . 4 . . . . . . . . . . . . . . . . . Protomatter Created 5366 | . 22 27 91 . 109 617 . 133 780 748 12 . . 358 31 246 87 289 72 187 145 331 227 . 356 185 313 Integrity Restored 12743 | . 26 36 166 . 254 1217 . 445 1614 1150 371 199 29 927 100 682 . 1096 254 298 281 1143 597 . 425 205 1228 Core 10456 | . 26 36 145 . 237 813 . 328 1419 866 313 159 21 806 79 542 . 875 219 227 234 934 482 . 349 166 1180 Parts 2287 | . . . 21 . 17 404 . 117 195 284 58 40 8 121 21 140 . 221 35 71 47 209 115 . 76 39 48 Protomatter Decayed 3304 | . . 11 . . . 19 . 98 55 32 . . 89 10 109 45 . . . . 28 242 . . 1893 96 577 Game ------ Seed KineticGatlingLaser Manual? 0 Play Time 03:07:21 Cumulative 231.7 hours Start 2025.05.31 @ 14:41:57 End 2025.05.31 @ 20:52:22 Sessions 9 Manual Loads 0 Difficulty Rogue Special Mode Winter2019/RPGLIKE Game No. 229 Rogue 40 Adventurer 177 Explorer 12 Win Type 7 Total 63 Types 18/1/16/2/12/0/4/5/0/5 Lore% 51 Gallery% 51 Achievement% 69 Wizard Run 0 Options --------- Layout 0 ASCII 0 Keyboard 0 Movement Numpad Keybinds 0 Fullscreen 2 Font 12/Smallcaps Map View 83x54 Zoom Use 0% Tactical HUD 1 Map Filters NONE Filters NONE Steam X RUN: 21272531-c47b-4185-867e-9cdf3112d36f